 Dungeon Crawl Stone Soup version 0.23.0-3-gf3c87f2 (webtiles) character file.

Game seed: 2488644640760394066

30 Dordric the Sneak (level 3, 0/16 HPs)
             Began as a Spriggan Enchanter on Feb 24, 2019.
             Slain by a jackal (2 damage)
             ... on level 2 of the Dungeon.
             The game lasted 00:03:11 (1296 turns).

Dordric the Sneak (Spriggan Enchanter)              Turns: 1296, Time: 00:03:12

Health: 0/16       AC:  2    Str:  4    XL:     3   Next: 5%
Magic:  9/9        EV: 18    Int: 16    God:
Gold:   12         SH:  0    Dex: 17    Spells: 8/9 levels left

rFire    . . .     SeeInvis +   a - +1 dagger
rCold    . . .     Gourm    .   (shield restricted)
rNeg     . . .     Faith    .   b - +0 robe
rPois    .         Spirit   .   (helmet restricted)
rElec    .         Reflect  .   (no cloak)
rCorr    .         Harm     .   (gloves unavailable)
MR       .....                  (boots unavailable)
Stlth    ++........             (no amulet)
HPRegen  0.05/turn              e - ring of attention (curse)
MPRegen  0.11/turn              (no ring)

@: very quick
A: very small, unfitting armour, see invisible, herbivore, speed 3, slow
metabolism 2
a: no special abilities


You were on level 2 of the Dungeon.
You were not hungry.

You visited 1 branch of the dungeon, and saw 2 of its levels.

You collected 12 gold pieces.

Inventory:

Hand Weapons
 a - a +1 dagger (weapon)
Armour
 b - a +0 robe (worn)
Jewellery
 e - a cursed ring of attention (left hand)
Scrolls
 c - a scroll of amnesia
Comestibles
 d - a ration


   Skills:
 - Level 1.1 Short Blades
 - Level 3.0 Dodging
 - Level 4.4 Stealth
 + Level 3.7 Spellcasting
 + Level 4.4 Hexes


You had 8 spell levels left.
You knew the following spells:

 Your Spells              Type           Power        Failure   Level  Hunger
a - Corona                Hex            ###....      2%          1    None

Your spell library contained the following spells:

 Spells                   Type           Power        Failure   Level  Hunger
 Confuse                  Hex            ###.....     9%          3    ###....
 Tukima's Dance           Hex            ###.....     9%          3    ###....
 Ensorcelled Hibernation  Hex/Ice        ##....       11%         2    ##.....
 Dazzling Spray           Conj/Hex       ##....       22%         3    ###....


Dungeon Overview and Level Annotations

Branches:
Dungeon (2/15)

Altars:
Trog

Annotations:
D:2 Natasha


Innate Abilities, Weirdness & Mutations

You are very small and have problems with some larger weapons.
You are too small for most types of armour.
You have supernaturally acute eyesight. (SInv)
You are a herbivore.
You cover ground extremely quickly.
You need to consume almost no food.


Message History

HP restored.
There is a stone staircase leading down here.
You climb downwards.
Level annotation: Natasha The jackal bites you.
The jackal misses you. The jackal bites you. The jackal closely misses you.
There is a stone staircase leading up here.
You hit the jackal.
The jackal is heavily wounded.
The jackal bites you. The jackal closely misses you.
The jackal completely misses you. The jackal closely misses you.
You hit the jackal but do no damage.
The jackal is heavily wounded.
The jackal bites you. The jackal barely misses you. The jackal bites you. x2
The jackal completely misses you. The jackal bites you.
* * * LOW HITPOINT WARNING * * *
The jackal bites you.
* * * LOW HITPOINT WARNING * * *
The jackal bites you.
You die...

.( .. #. #### # #.. ...
. ..##..# #.# #
_......#####.##### #
#.hh.hh.$....# #
#.†#####.###.#.# #
#..#h@hh.......# #
#h.#h.##.###.#########
...#..#...............
....#..#..###.#########
#..###..#...............
#.. #..##....##########
#..##......[..# #
#..##.........#####
#.........'....


You could see Natasha and 3 jackals.

Vanquished Creatures
  A gnoll (D:1)
  3 dart slugs
  A leopard gecko (D:1)
  4 bats
  A giant cockroach (D:1)
  A goblin (D:1)
  2 kobolds (D:1)
  A rat (D:1)
14 creatures vanquished.

Notes
Turn   | Place    | Note
-------+----------+-------------------------------------------
     0 | D:1      | Dordric the Spriggan Enchanter began the quest for the Orb.
     0 | D:1      | Reached XP level 1. HP: 9/9 MP: 5/5
    47 | D:1      | Reached XP level 2. HP: 13/13 MP: 7/7
  1033 | D:1      | You fall through a shaft!
  1123 | D:2      | Found a bloodstained altar of Trog.
  1123 | D:2      | Noticed Natasha
  1124 | D:2      | Reached XP level 3. HP: 16/16 MP: 9/9
  1296 | D:2      | Slain by a jackal

Skill      XL: |  1 |
---------------+----+-----
Spellcasting   | 3 |  3.7
Hexes          | 4 |  4.4
Short Blades   | |  1.1
Dodging        | |  3.0
Stealth        | |  4.4

Action                   || total
-------------------------++-------
Melee: Dagger            ||   159
 Cast: Corona            ||     2
  Use: Scroll            ||     2
 Stab: Sleeping          ||     3
Armor: Robe              ||    13
Dodge: Dodged            ||    99
